Map: 大气2000-天梯版

Players

TIME (Oliveira) - Winner!

  • Race: Terran Terran
  • League: Grandmaster

cyan

  • Race: Protoss Protoss
  • League: Master

Event: DreamHack SC2 Masters 2021 Fall

VOD

Have the link to the VOD?

Description

Time

  • Played on: Aug. 7, 2021, 9:07 a.m.
  • Length: 13:58

All games in this series

Show
View Real Time Build Order
Export as new Build Order

TIME Terran - Winner!

Build Orders:  

Get SALT Encoding   

  12  0:00  SCV  
  13  0:12  SCV  
  14  0:17  Supply Depot  
  14  0:24  SCV  
  15  0:38  SCV  
  15  0:39  Barracks  
  16  0:44  Refinery  
  16  0:50  SCV  
  17  1:03  SCV  
  18  1:15  SCV  
  19  1:27  Barracks Reactor, Orbital Command  
  19  1:45  Command Center  
  19  1:51  Supply Depot  
  19  1:53  SCV  
  20  2:04  Marine x2  
  20  2:05  SCV  
  23  2:13  Factory  
  23  2:18  SCV  
  24  2:23  Marine x2  
  26  2:30  SCV  
  27  2:41  Marine x2  
  27  2:43  SCV  
  30  2:49  Bunker  
  30  2:58  Orbital Command, Hellion  
  33  3:00  Starport  
  33  3:03  Marine  
  33  3:06  Marine  
  33  3:08  SCV  
  35  3:19  Hellion  
  37  3:21  Marine  
  37  3:23  SCV  
  37  3:24  Marine, SCV  
  41  3:27  Supply Depot  
  41  3:36  Medivac  
  41  3:37  Barracks  
  41  3:40  Marine  
  44  3:42  Hellion  
  44  3:45  SCV  
  46  3:51  Marine  
  46  3:53  SCV  
  48  3:58  Marine  
  48  3:59  SCV  
  46  4:05  SCV  
  46  4:06  Factory Tech Lab  
  46  4:09  Marine  
  45  4:11  SCV  
  45  4:15  Refinery  
  45  4:16  Marine  
  46  4:19  SCV  
  47  4:24  Supply Depot  
  47  4:25  Siege Tank, Barracks, Engineering Bay  
  47  4:27  Marine  
  51  4:31  Barracks Tech Lab  
  51  4:33  SCV x2  
  51  4:35  Marine, Refinery  
  54  4:40  Supply Depot  
  54  4:46  SCV  
  54  4:48  SCV  
  54  4:50  Supply Depot  
  56  4:56  Marine  
  56  4:57  Stimpack  
  56  4:58  Marine, SCV  
  57  5:00  SCV  
  57  5:01  Bunker  
  57  5:05  Marine  
  57  5:06  Refinery  
  57  5:13  SCV x2  
  57  5:14  Marine  
  57  5:17  Marine  
  57  5:18  Marine, Siege Tank  
  63  5:25  SCV x2  
  65  5:29  Supply Depot  
  65  5:31  Marine  
  64  5:41  Marauder  
  64  5:42  SCV x2  
  66  5:43  Terran Infantry Weapons Level 1  
  66  5:46  Marine  
  66  5:47  Starport Reactor  
  66  5:49  Marine  
  68  5:53  Siege Tank  
  68  5:54  SCV x2  
  73  5:58  Barracks Tech Lab  
  70  6:06  Marine, SCV x2, Marauder  
  74  6:15  Command Center  
  74  6:18  SCV  
  75  6:22  Marine  
  65  6:26  Siege Tank  
  65  6:27  Marine  
  65  6:31  SCV  
  65  6:32  Medivac  
  65  6:33  SCV, Medivac  
  65  6:38  Marauder x2  
  74  6:40  Marine  
  74  6:41  Combat Shield  
  74  6:43  SCV  
  74  6:46  SCV  
  77  6:48  Marine, Supply Depot  
  77  6:54  Concussive Shells  
  78  6:55  SCV  
  78  6:58  Marine, SCV  
  78  7:00  Marine  
  82  7:06  Marine  
  82  7:08  Marine, SCV  
  81  7:10  SCV, Medivac  
  83  7:15  Marine, Medivac  
  83  7:19  Siege Tank  
  83  7:22  Supply Depot  
  91  7:23  Marauder  
  91  7:24  SCV  
  91  7:25  SCV  
  93  7:30  Marine  
  93  7:33  Marine  
  93  7:38  Marauder  
  89  7:49  Marine  
  89  7:50  Marauder  
  85  7:51  Marine  
  85  7:52  Siege Tank  
  86  7:59  Marine  
  86  8:00  SCV  
  86  8:02  Command Center  
  86  8:03  Terran Infantry Armor Level 1  
  88  8:07  Marine, SCV  
  88  8:11  Marine, Marauder  
  88  8:12  SCV  
  94  8:19  SCV  
  95  8:20  Barracks  
  95  8:22  Barracks  
  95  8:23  Supply Depot  
  95  8:25  Marine  
  95  8:26  Siege Tank  
  99  8:28  SCV  
  100  8:35  Marine x2  
  102  8:43  Marine  
  102  8:45  Marauder  
  97  8:53  Marine  
  97  8:54  Marauder  
  88  8:58  SCV x2  
  88  9:00  Siege Tank  
  88  9:01  Marine  
  89  9:02  Viking  
  89  9:03  Viking, Armory, Engineering Bay  
  93  9:10  SCV, Missile Turret  
  93  9:12  Barracks Tech Lab  
  93  9:13  Barracks Reactor  
  93  9:16  SCV, Orbital Command  
  95  9:20  Marine, Marauder  
  95  9:22  Marine  
  99  9:25  Marauder  
  99  9:26  SCV  
  99  9:30  Supply Depot  
  102  9:33  SCV, Marauder  
  102  9:37  Siege Tank  
  108  9:39  Marine, SCV  
  108  9:42  SCV  
  108  9:45  Marine, SCV, Marauder  
  114  9:49  Marine x2  
  114  9:50  Marauder  
  114  9:52  SCV  
  120  9:54  SCV  
  120  9:55  Terran Infantry Weapons Level 2  
  120  9:57  SCV  
  120  9:58  Marine  
  123  10:00  Marauder  
  123  10:02  Terran Infantry Armor Level 2  
  123  10:04  SCV  
  123  10:05  Marine  
  127  10:10  Marine x2, Supply Depot  
  127  10:11  Supply Depot  
  127  10:12  Siege Tank  
  132  10:22  Refinery x2  
  132  10:23  Marauder  
  133  10:32  Marine x2, Medivac, Marauder x2  
  133  10:33  Marine, Supply Depot, Medivac  
  133  10:34  Marine  
  133  10:35  Supply Depot  
  145  10:45  Marauder  
  145  10:46  Command Center  
  147  10:50  Marine x2, Drilling Claws  
  147  10:55  Marine x2, Siege Tank  
  147  10:56  Supply Depot  
  147  10:57  Supply Depot  
  154  10:58  Marauder  
  154  10:59  Marine  
  157  11:06  Marine, Medivac x2  
  162  11:12  SCV  
  162  11:13  Marine x2  
  167  11:18  Marauder  
  167  11:20  Marine x2, Ghost Academy  
  167  11:21  Supply Depot  
  167  11:22  Supply Depot  
  167  11:25  Marine, Marauder  
  171  11:37  Siege Tank  
  171  11:38  Marine x2  
  176  11:48  Marine  
  176  11:53  Ghost x3  
  177  11:56  Marine, Viking  
  177  11:58  Viking  
  186  12:03  Enhanced Shockwaves  
  186  12:07  Marine x2  
  188  12:13  Marine x2  
  189  12:22  Planetary Fortress  
  189  12:24  Marine  
  190  12:41  Marine x2  
  190  12:43  Marine x2, Marauder  
  190  12:46  SCV x3  
  189  12:55  Marine x2, Factory Reactor  
  151  12:59  Marine  
  151  13:02  Marine  
  151  13:05  Marine x2, Marauder  
  134  13:13  Ghost  
  134  13:14  Marauder  
  134  13:15  Medivac  
  134  13:16  Medivac  
  134  13:17  Marine  
  134  13:18  SCV x2  
  141  13:20  Marine  
  141  13:23  Marine  
  141  13:26  Marauder  
  145  13:32  Marine  
  138  13:36  Marine  
  138  13:37  Marauder  
  138  13:38  Marine  
Show
View Real Time Build Order
Export as new Build Order

cyan Protoss 

Build Orders: 1 Gate Expand, Blink Stalkers 

Get SALT Encoding   

  12  0:00  Probe  
  13  0:12  Probe  
  14  0:17  Pylon  
  14  0:24  Probe (Chrono Boost)  
  15  0:36  Gateway, Probe (Chrono Boost)  
  16  0:44  Probe (Chrono Boost)  
  16  0:46  Assimilator  
  17  0:50  Probe  
  18  1:03  Probe  
  19  1:15  Probe  
  20  1:23  Cybernetics Core  
  20  1:31  Nexus  
  20  1:34  Probe  
  21  1:40  Pylon  
  21  1:46  Probe  
  22  1:50  Assimilator  
  22  1:56  Adept (Chrono Boost)  
  22  1:58  Probe  
  22  2:01  Warp Gate  
  25  2:10  Probe  
  26  2:23  Probe  
  26  2:26  Twilight Council  
  27  2:35  Probe (Chrono Boost)  
  30  2:44  Probe (Chrono Boost)  
  30  2:46  Probe (Chrono Boost)  
  30  2:47  Gateway  
  30  2:49  Gateway, Probe (Chrono Boost)  
  31  2:53  Blink (Chrono Boost)  
  31  2:55  Probe  
  32  3:01  Probe  
  33  3:07  Probe  
  33  3:11  Stalker  
  36  3:14  Probe  
  36  3:19  Shield Battery  
  37  3:20  Probe  
  37  3:24  Pylon  
  37  3:26  Probe  
  39  3:32  Probe  
  40  3:36  Robotics Facility  
  40  3:38  Probe  
  39  3:44  Probe  
  39  3:49  Stalker x2  
  39  3:53  Probe  
  40  3:56  Probe  
  40  4:03  Stalker  
  40  4:05  Probe  
  40  4:08  Probe  
  42  4:15  Stalker  
  42  4:17  Stalker  
  46  4:22  Warp Prism (Chrono Boost)  
  48  4:29  Probe  
  48  4:31  Probe  
  50  4:32  Stalker  
  52  4:41  Probe  
  52  4:44  Pylon  
  53  4:47  Pylon  
  53  4:51  Observer  
  54  4:56  Probe  
  53  5:00  Probe  
  54  5:08  Probe  
  54  5:13  Stalker x3  
  61  5:14  Probe  
  61  5:15  Observer  
  63  5:22  Nexus  
  63  5:25  Probe  
  64  5:41  Stalker x2  
  69  5:44  Pylon  
  69  5:45  Stalker  
  69  5:47  Observer  
  70  5:53  Assimilator  
  70  5:56  Assimilator  
  70  5:58  Pylon  
  70  6:00  Charge  
  70  6:02  Probe x2  
  72  6:13  Pylon  
  72  6:14  Probe x2  
  72  6:17  Stalker x2  
  72  6:26  Probe x2  
  63  6:35  Pylon  
  63  6:39  Probe x2  
  65  6:40  Probe (Chrono Boost)  
  65  6:45  Gateway  
  65  6:47  Gateway  
  66  6:50  Templar Archives  
  66  6:51  Probe x2 (Chrono Boost)  
  66  6:52  Probe (Chrono Boost)  
  69  6:55  Gateway  
  69  6:57  Gateway  
  69  7:00  Probe x3 (Chrono Boost)  
  72  7:05  Probe x2 (Chrono Boost)  
  72  7:07  Probe  
  73  7:13  Shield Battery, Stalker x2  
  73  7:14  Shield Battery  
  73  7:15  Stalker  
  79  7:17  Probe  
  79  7:20  Immortal (Chrono Boost)  
  84  7:26  Shield Battery  
  83  7:33  Shield Battery  
  83  7:37  Zealot x2  
  83  7:43  Zealot x3  
  77  7:53  Zealot x2  
  77  7:55  Immortal (Chrono Boost)  
  77  8:01  High Templar x2  
  77  8:05  Gateway  
  81  8:06  Archon, Probe  
  81  8:12  Gateway, Stalker x3  
  88  8:17  Stalker x2  
  92  8:21  Forge, Probe  
  92  8:22  Probe  
  92  8:24  Forge  
  94  8:31  Pylon, Observer (Chrono Boost)  
  95  8:35  Zealot x3  
  95  8:36  Pylon  
  101  8:44  Zealot x4  
  101  8:45  Observer  
  98  8:50  Psionic Storm  
  98  8:55  Protoss Ground Armor Level 1 (Chrono Boost)  
  87  8:59  Probe  
  87  9:01  Assimilator, Observer  
  87  9:02  Assimilator  
  88  9:03  Observer  
  88  9:06  Protoss Ground Weapons Level 1 (Chrono Boost)  
  89  9:11  Zealot  
  89  9:12  Zealot x3  
  89  9:15  Observer  
  89  9:17  Sentry  
  99  9:18  Probe  
  99  9:19  Probe  
  99  9:22  Probe  
  102  9:28  Observer, High Templar  
  102  9:30  Probe  
  105  9:32  Pylon  
  105  9:38  High Templar  
  107  9:40  Nexus  
  107  9:42  Pylon  
  107  9:44  High Templar  
  109  9:54  High Templar  
  109  9:58  Zealot x4  
  119  10:06  Gateway  
  119  10:12  Gateway  
  119  10:13  Pylon, Shield Battery  
  119  10:15  Shield Battery  
  119  10:18  Pylon  
  119  10:20  Photon Cannon, High Templar x2, Zealot x5  
  133  10:28  Archon  
  133  10:29  Probe x2  
  133  10:30  Probe  
  136  10:37  Robotics Facility  
  136  10:38  Immortal (Chrono Boost)  
  136  10:39  Observer  
  136  10:41  Probe x2  
  136  10:42  Robotics Bay  
  142  10:45  Protoss Ground Weapons Level 2 (Chrono Boost)  
  140  10:50  Stalker x2  
  140  10:55  Protoss Ground Armor Level 2 (Chrono Boost)  
  144  11:02  Zealot x2  
  146  11:12  Zealot x2  
  146  11:13  Zealot x3  
  146  11:17  Observer (Chrono Boost)  
  152  11:23  Zealot  
  152  11:24  Zealot x4  
  148  11:41  Colossus (Chrono Boost)  
  148  11:43  Zealot x4  
  148  11:44  Zealot x3  
  168  11:53  Pylon, Colossus (Chrono Boost), Extended Thermal Lance (Chrono Boost)  
  168  12:02  Pylon x2, High Templar x2  
  172  12:11  Zealot x2  
  172  12:12  Zealot x2  
  180  12:18  Dark Shrine  
  180  12:25  Colossus (Chrono Boost)  
  186  12:31  Colossus (Chrono Boost)  
  190  12:38  Zealot x3  
  186  12:45  Nexus, Zealot  
  179  12:55  Zealot x3  
  179  12:56  Zealot x3  
  147  12:58  Archon  
  147  13:03  Zealot x3  
  111  13:07  Stalker  
  95  13:19  Zealot  
  90  13:20  Zealot x5  
  100  13:31  Stalker x3  
  94  13:36  Dark Templar  

Tags
 
Add a new tag
Caveats
  • Supply blocks, unpowered buildings, or Contaminate may cause inaccurate times.
  • Supply counts are checked every 10 seconds.